 Dungeon Crawl Stone Soup version 0.23-a0-890-gc183402 (webtiles) character file.

Game seed: 14035768149662683543

5798 galech the Cleaver (level 10, -4/75 (77) HPs)
             Began as a Demonspawn Fighter on Jan 28, 2019.
             Was a Believer of Okawaru.
             Slain by an orc knight
             ... wielding a +0 halberd
              (17 damage)
             ... in a bailey.
             The game lasted 00:12:52 (10450 turns).

galech the Cleaver (Demonspawn Fighter)            Turns: 10450, Time: 00:12:52

HP:   -4/75 (77)    AC: 21    Str: 17    XL:     10   Next: 50%
MP:   10/10         EV:  9    Int:  9    God:    Okawaru [**....]
Gold: 295           SH: 19    Dex: 16    Spells: 9/9 levels left

rFire    . . .     SeeInvis .   a - +0 war axe
rCold    . . .     Gourm    +   M - +1 large shield {AC+3}
rNeg     . . .     Faith    .   B - +0 chain mail
rPois    +         Spirit   .   (helmet restricted)
rElec    .         Reflect  .   I - +2 cloak {rPois}
rCorr    .         Harm     .   G - +1 pair of gloves
MR       .....                  (no boots)
Stlth    ..........             A - amulet of the gourmand
HPRegen  0.22/turn              K - ring of poison resistance
MPRegen  0.12/turn              H - ring of flight

@: heroism
A: antennae 2, powered by pain 1, spiny 2
a: Heroism, Renounce Religion, Evoke Flight


You were in a bailey.
You worshipped Okawaru.
Okawaru was pleased with you.
You were completely stuffed.

You visited 2 branches of the dungeon, and saw 10 of its levels.
You also visited: Sewer and Bailey.

You collected 470 gold pieces.
You spent 175 gold pieces at shops.

Inventory:

Hand Weapons
 a - a +0 war axe (weapon)
 c - a +0 arbalest
Missiles
 J - 72 bolts
Armour
 t - a +3 leather armour
 B - a +0 chain mail (worn)
 G - a +1 pair of gloves (worn)
 I - a +2 cloak of poison resistance (worn)
 M - a +1 large shield of protection (worn)
Jewellery
 A - an amulet of the gourmand (around neck)
 C - an uncursed ring of fire
 H - a ring of flight (right hand)
 K - a ring of poison resistance (left hand)
Wands
 b - a wand of acid (6)
 D - a wand of enslavement (5)
 L - a wand of paralysis (8)
Scrolls
 d - 4 scrolls of fog
 g - a scroll of magic mapping
 h - 3 scrolls of noise
 j - 15 scrolls of teleportation
 m - 2 scrolls of immolation
 n - 2 scrolls of enchant weapon
 o - 2 scrolls of amnesia {unknown}
 q - 4 scrolls of fear {unknown}
 w - 2 scrolls of blinking
 y - 6 scrolls of remove curse {unknown}
 E - a scroll of identify
Potions
 e - 8 potions of curing
 i - 2 potions of invisibility {unknown}
 k - 2 potions of cancellation {unknown}
 l - 2 potions of haste {unknown}
 p - 2 potions of degeneration {unknown}
 r - 2 potions of heal wounds
 s - a potion of magic {unknown}
 u - a potion of agility {unknown}
 v - a potion of resistance {unknown}
 x - 3 potions of flight {unknown}
 z - 2 potions of lignification {unknown}
 F - 2 potions of berserk rage {unknown}
 N - a potion of experience {unknown}
Comestibles
 f - 22 rations
 O - 4 chunks of flesh


   Skills:
 + Level 6.4(11.4) Fighting
 + Level 9.6(14.6) Axes
 + Level 1.8(6.8) Crossbows
 + Level 7.1(12.1) Armour
 + Level 2.4(7.4) Dodging
 + Level 1.3(6.3) Stealth
 + Level 6.7(11.7) Shields


You had 9 spell levels left.
You didn't know any spells.
Your spell library contained the following spells:

 Spells                   Type           Power        Failure   Level  Hunger
 Animate Skeleton         Necr           N/A          100%        1    ##.....
 Corona                   Hex            #......      100%        1    ##.....
 Pain                     Necr           #...         100%        1    ##.....
 Slow                     Hex            #.......     100%        2    ###....
 Inner Flame              Hex/Fire       #.......     100%        3    ####...
 Portal Projectile        Hex/Tloc       #.....       100%        3    ####...
 Regeneration             Chrm/Necr      #.........   100%        3    ####...
 Vampiric Draining        Necr           #.........   100%        3    ####...
 Animate Dead             Necr           N/A          100%        4    #####..
 Cause Fear               Hex            #.........   100%        4    #####..
 Leda's Liquefaction      Hex/Erth       #.........   100%        4    #####..


Dungeon Overview and Level Annotations

Branches:
Dungeon (9/15)             Temple (1/1) D:6            Lair (0/6) D:9
    Orc: D:9-12

Altars:
Ashenzari
Cheibriados
Dithmenos
Elyvilon
Fedhas
Gozag
Hepliaklqana
Kikubaaqudgha
Makhleb
Nemelex Xobeh
Okawaru
Qazlal
Ru
Sif Muna
Trog
Uskayaw
Vehumet
Wu Jian
Xom
Yredelemnul
Zin
The Shining One

Shops:
D:5 ?

Annotations:
D:9 exclusion: obsidian statue


Innate Abilities, Weirdness & Mutations

You have a pair of antennae on your head.
You sometimes gain a little power by taking damage.
You are mostly covered in sharp spines.


Message History

Okawaru accepts your kill.
You gain the combat prowess of a mighty hero.
You block the orc knight's attack.
The orc knight hits you with a +0 halberd!!
You focus on the pain.
You feel your power returning.
Items here: )) [[ † a +0 glaive; a +0 ring mail; a +0 trident; a +0 chain mail; an orc corpse You slash the orc knight!
The orc knight is lightly wounded.
You block the orc knight's attack.
You slash the orc knight!
The orc knight is heavily wounded.
You closely miss the orc knight.
The orc knight is heavily wounded.
The orc knight hits you with a +0 halberd!
* * * LOW HITPOINT WARNING * * *
You slash the orc knight!
The orc knight is heavily wounded.
The orc knight hits you with a +0 halberd!
You die...

##≈...............≈##.##≈......#
^))≈...............≈..^..≈......#
.∩#≈...............≈#∩.##≈......#
.#≈≈......###......≈≈#.#≈≈......#
≈≈≈....#########....≈≈≈≈≈.......#
......##.o)....##......)........#
.....##..#)#'#..##..............#
.....#..##.#.##.o#..............#
... #.#########@##.............#
.. #{'.# o{#)'.##.............#
#.### 8.###.##.............#
#.'.# ..#)'.##.............#
#.####o####.##.............#
#..##∩.∩##..##.............#
##..#{''##.................#
##.....##.....)...........#
##....##.....≈≈≈≈≈.......#


You could see an orc knight.

Vanquished Creatures
  Pikel (D:8)
  A troll (D:7)
  Grinder (D:4)
  Sigmund (D:3)
  A wraith (D:7)
  Menkaure (D:6)
  2 water moccasins (D:7)
  Duvessa (D:6)
  10 orc warriors
  A sky beast (D:5)
  A phantom (D:8)
  2 slaves (D:8)
  An eye of draining (D:9)
  2 necrophages
  2 centaurs
  5 ogres
  A crocodile (D:8)
  5 big kobolds
  Blork the orc (D:4)
  7 bullfrogs
  Dowan (D:6)
  A scorpion (D:7)
  4 crimson imps
  A bullfrog zombie (D:8)
  2 hounds
  2 centaur skeletons
  2 orc priests
  A gnoll shaman (D:6)
  5 orc wizards
  Crazy Yiuf (D:6)
  Jessica (D:3)
  2 iguanas
  7 worker ants
  Robin (D:2)
  9 gnolls
  10 adders
  2 shadow imps
  8 oozes
  An adder skeleton (D:5)
  10 worms
  4 dart slugs
  10 leopard geckos
  25 orcs
  A bat zombie (D:6)
  10 giant cockroaches
  16 goblins
  7 hobgoblins
  14 jackals
  12 kobolds
  7 quokkas
  3 ball pythons
  5 frilled lizards
  A leopard gecko zombie (D:4)
  12 rats
  2 rat zombies (D:6)
247 creatures vanquished.

Notes
Turn   | Place    | Note
-------+----------+-------------------------------------------
     0 | D:1      | galech the Demonspawn Fighter began the quest for the Orb.
     0 | D:1      | Reached XP level 1. HP: 18/18 MP: 1/1
   297 | D:1      | Gained mutation: You are partially covered in sharp spines.
                  | [demonic ancestry]
   297 | D:1      | Reached XP level 2. HP: 24/24 MP: 2/2
   699 | D:2      | Noticed Robin
   707 | D:2      | Reached skill level 2 in Axes
   715 | D:2      | Reached XP level 3. HP: 16/29 MP: 3/3
   719 | D:2      | Killed Robin
  1095 | D:2      | Reached XP level 4. HP: 31/35 MP: 4/4
  1151 | D:2      | Found a snail-covered altar of Cheibriados.
  1154 | D:2      | Found an opulent altar of Gozag.
  1157 | D:2      | Found a shimmering altar of Xom.
  1568 | D:3      | Noticed Sigmund
  1582 | D:3      | Killed Sigmund
  1582 | D:3      | Reached skill level 3 in Axes
  1582 | D:3      | Gained mutation: You have a pair of small antennae on your
                  | head. [demonic ancestry]
  1582 | D:3      | Reached XP level 5. HP: 23/41 MP: 5/5
  1626 | D:3      | Gained mutation: You have a pair of antennae on your head.
                  | [demonic ancestry]
  1626 | D:3      | Reached XP level 6. HP: 32/47 MP: 6/6
  1683 | D:3      | Found a glowing drain.
  1701 | Sewer    | Entered a sewer
  1940 | Sewer    | Reached skill level 4 in Axes
  1940 | Sewer    | Reached skill level 1 in Dodging
  2021 | Sewer    | Gained mutation: You are mostly covered in sharp spines.
                  | [demonic ancestry]
  2021 | Sewer    | Reached XP level 7. HP: 45/53 MP: 7/7
  2233 | Sewer    | Reached skill level 5 in Axes
  2316 | D:3      | Noticed Jessica
  2327 | D:3      | Killed Jessica
  2899 | D:3      | Found a basalt altar of Yredelemnul.
  3744 | D:4      | Found a sparkling altar of Nemelex Xobeh.
  3801 | D:4      | Reached XP level 8. HP: 53/61 MP: 8/8
  3811 | D:4      | Noticed Blork the orc
  3819 | D:4      | Killed Blork the orc
  3819 | D:4      | Reached skill level 6 in Axes
  4172 | D:4      | Noticed Grinder
  4175 | D:4      | Paralysed by Grinder for 7 turns
  4184 | D:4      | Paralysed by Grinder for 7 turns
  4204 | D:4      | Killed Grinder
  4797 | D:5      | Entered Level 5 of the Dungeon
  4828 | D:5      | Reached skill level 5 in Armour
  5032 | D:5      | Reached skill level 1 in Stealth
  5032 | D:5      | Reached skill level 5 in Shields
  5306 | D:5      | Reached skill level 7 in Axes
  5402 | D:5      | Found Luezeil's Magic Scroll Emporium.
  5407 | D:5      | Bought a scroll of identify for 28 gold pieces
  5407 | D:5      | Bought a scroll of blinking for 105 gold pieces
  5407 | D:5      | Bought a scroll of teleportation for 42 gold pieces
  5673 | D:6      | Reached skill level 5 in Fighting
  5768 | D:6      | Reached XP level 9. HP: 59/68 MP: 9/9
  5829 | D:6      | Found a sacrificial altar of Ru.
  5832 | D:6      | Noticed Menkaure
  5839 | D:6      | Killed Menkaure
  5941 | D:6      | Found a runed translucent door.
  5942 | D:6      | Noticed Crazy Yiuf
  6010 | D:6      | Noticed Duvessa
  6010 | D:6      | Noticed Dowan
  6017 | D:6      | Killed Dowan
  6022 | D:6      | Killed Duvessa
  6131 | D:6      | Found an ancient bone altar of Kikubaaqudgha.
  6176 | D:6      | Found a staircase to the Ecumenical Temple.
  6183 | Temple   | Entered the Ecumenical Temple
  6431 | D:6      | Killed Crazy Yiuf
  6769 | D:7      | Reached skill level 8 in Axes
  6896 | D:7      | Found an iron altar of Okawaru.
  6913 | D:7      | Became a worshipper of Warmaster Okawaru
  7039 | D:7      | Noticed a troll
  7051 | D:7      | Killed a troll
  7836 | D:8      | Reached * piety under Okawaru
  7962 | D:8      | Found an ancient bone altar of Kikubaaqudgha.
  8253 | D:8      | Gained mutation: You sometimes gain a little power by
                  | taking damage. [demonic ancestry]
  8253 | D:8      | Reached XP level 10. HP: 76/76 MP: 10/10
  8270 | D:8      | Reached skill level 9 in Axes
  8322 | D:8      | Noticed Pikel
  8342 | D:8      | Killed Pikel
  8534 | D:8      | Reached ** piety under Okawaru
  8749 | D:9      | Found an ornate altar of the Wu Jian Council.
  8843 | D:9      | Noticed an obsidian statue
  8956 | D:9      | Found a flagged portal.
  9052 | Bailey   | Entered a bailey
 10229 | Bailey   | Reached skill level 1 in Crossbows
 10412 | Bailey   | Noticed an orc knight
 10450 | Bailey   | Slain by an orc knight

Vault maps used:
D:1:      sevenhm_arrival_forest_fort_small_4
D:2:      minmay_general_purpose_star, grunt_temple_overflow_diamond, uniq_robin
D:3:      yredelemnul_altar_generic, gup_sewer_entry_pipe, uniq_sigmund,
          uniq_jessica
D:4:      nemelex_xobeh_ov_fountains_minmay, uniq_blork_the_orc, uniq_grinder
D:5:      serial_shops, kennysheep_mini_moat, first_ration
D:6:      lemuel_zombie_altar_kikubaaqudgha,
          minmay_temple_entry_drinking_statues, basic_altar, corexii_shack,
          uniq_crazy_yiuf_cottage, uniq_menkaure, uniq_duvessa
D:7:      okawaru_metal_pillars_1_2
D:8:      serial_rivers, chequers_serial_rivers_room_b,
          chequers_serial_rivers_marsh, chequers_serial_rivers_small_b,
          chequers_serial_rivers_room_a, chequers_serial_rivers_micro_c,
          chequers_serial_rivers_room_a, basic_altar, uniq_pikel
D:9:      old_standard_altar, david_lair_generic, enter_bailey_3, minivault_16
Temple:   nicolae_temple_great_sept
Sewer:    sewer_co_tree
Bailey:   bailey_polearm_2, bailey

Skill      XL: |  1  2  3  4  5  6  7  8  9 10 |
---------------+-------------------------------+-----
Shields        | 3 4 5 6 |  6.7
Axes           | 2 3 4 5 7 8 9 |  9.6
Armour         | 3 4 6 7 |  7.1
Dodging        | 1 2 |  2.4
Fighting       | 4 5 6 |  6.4
Stealth        | 1 |  1.3
Crossbows      | 1 |  1.8

Action                   |  1- 3 |  4- 6 |  7- 9 | 10-12 || total
-------------------------+-------+-------+-------+-------++-------
Melee: War axe           |    83 |   113 |   391 |   133 ||   720
 Fire: Arbalest          |       |       |       |    44 ||    44
Invok: Heroism           |       |       |       |     2 ||     2
  Use: Potion            |       |     2 |     2 |       ||     4
       Scroll            |       |       |     5 |     1 ||     6
  Eat: Chunk             |     1 |     3 |    29 |     7 ||    40
Armor: Scale mail        |    34 |    30 |    34 |       ||    98
       Chain mail        |       |       |   106 |    57 ||   163
Dodge: Dodged            |    20 |    31 |    73 |    46 ||   170
Block: Shield            |    33 |    55 |   198 |       ||   286
       Large shield      |       |       |    16 |   159 ||   175

Table legend:
 A = Non-vault XP
 B = Vault XP
 C = Vault XP percentage of total XP
 D = Non-vault monster count
 E = Vault monster count
 F = Vault count percentage of total count
                 A         B        C        D         E       F
            +---------+---------+-------+---------+---------+-------
      Total |    4892 |    3392 |  40.9 |     155 |      90 |  36.7
            +---------+---------+-------+---------+---------+-------
        D:1 |      31 |       0 |   0.0 |      16 |       0 |   0.0
        D:2 |      31 |      55 |  64.0 |       9 |      16 |  64.0
        D:3 |     214 |     290 |  57.5 |      27 |      11 |  28.9
        D:4 |     408 |     382 |  48.4 |      20 |       2 |   9.1
        D:5 |     728 |       0 |   0.0 |      19 |       0 |   0.0
        D:6 |     519 |     427 |  45.1 |      11 |       8 |  42.1
        D:7 |    1447 |       0 |   0.0 |      26 |       0 |   0.0
        D:8 |     841 |     651 |  43.6 |      12 |       1 |   7.7
        D:9 |     673 |       7 |   1.0 |      15 |       4 |  21.1
      Sewer |       0 |     479 | 100.0 |       0 |      28 | 100.0
     Bailey |       0 |    1101 | 100.0 |       0 |      20 | 100.0
            +---------+---------+-------+---------+---------+-------
